 Dungeon Sprint DCSS version 0.21.1-1-g345015f (webtiles) character file.

1290 Lilu the Carver (level 8, 0/82 HPs)
             Began as a Minotaur Abyssal Knight on July 27, 2018.
             Was a Priest of Lugonu.
             Succumbed to Sonja's curare-tipped needle
             ... in the Dungeon (Sprint I: "Red Sonja").
             The game lasted 00:06:45 (1269 turns).

Lilu the Carver (Minotaur Abyssal Knight)           Turns: 1269, Time: 00:06:45

Health: 0/82       AC:  4    Str: 19    XL:     8   Next: 30%
Magic:  8/8        EV: 11    Int:  9    God:    Lugonu [***...]
Gold:   309        SH:  0    Dex: 10    Spells: 7/7 levels left

rFire    . . .     SeeInvis .   a - +1 falchion
rCold    . . .     Gourm    .   (no shield)
rNeg     . . .     Faith    .   k - +0 leather armour (curse)
rPois    .         Spirit   .   (helmet restricted)
rElec    .         Reflect  .   (no cloak)
rCorr    .         Harm     .   (no gloves)
MR       .....     NoTele   +   (no boots)
Stlth    +.........             (no amulet)
HPRegen  0.23/turn              (no ring)
MPRegen  0.11/turn              (no ring)

@: lethally poisoned (0 -> -25), berserk cooldown, hasted and slowed, very
heavily drained
A: retaliatory headbutt, horns 2
a: Bend Space, Banish, Renounce Religion


You were in the Dungeon.
You worshipped Lugonu.
Lugonu was most pleased with you.
You were not hungry.

You visited 1 branch You collected 419 gold pieces.
You spent 110 gold pieces at shops.

Inventory:

Hand Weapons
 a - a +1 falchion (weapon)
Armour
 b - a +0 leather armour
 j - a +0 helmet
 k - a cursed +0 leather armour (worn)
Scrolls
 i - a scroll of blinking
Potions
 d - a potion of curing
 e - a potion of heal wounds
 g - 2 potions of magic


   Skills:
 - Level 11.4(7.9) Fighting
 - Level 14.7(10.8) Long Blades
 * Level 11.5(8.0) Armour
 - Level 1.1(0.0) Dodging
 - Level 0.2(0.0) Stealth
 - Level 1.7(0.0) Invocations


You had 7 spell levels left.
You didn't know any spells.

Dungeon Overview and Level Annotations

Branches:
Dungeon (1/1)

Altars:
Cheibriados
Dithmenos
Elyvilon
Fedhas
Gozag
Hepliaklqana
Kikubaaqudgha
Makhleb
Nemelex Xobeh
Okawaru
Qazlal
Ru
Sif Muna
Trog
Uskayaw
Vehumet
Wu Jian
Xom
Yredelemnul
Zin
The Shining One
Jiyva
Lugonu

Shops:
D [

Annotations:
D Sonja


Innate Abilities, Weirdness & Mutations

You reflexively headbutt those who attack you in melee.
You have a pair of horns on your head.


Message History

Sonja is heavily wounded.
You feel sick.
Sonja casts a spell.
Sonja blinks!
You are no longer berserk.
You are exhausted.
You feel as though you will be slow longer.
* * * LOW HITPOINT WARNING * * *
You feel sick.
Sonja says, "Someone hired me to kill you, but I'm not supposed to say who."
Sonja unwields an uncursed short sword of draining.
Sonja wields an uncursed blowgun.
Sonja shoots a curare-tipped needle.
The curare-tipped needle hits you.
You are more poisoned.
You have difficulty breathing.
* * * LOW HITPOINT WARNING * * *
You feel as though you will be slow longer.
You see here 3 curare-tipped needles.
You close the door.
You die...

#..').#..)..#..'..'..#.K.#
#..#####'#####'#__#### ..+
#..####..#...#.####$§# ##
#..#__####K.##(#≈§§.c#
#..#_____##'#_.+≈≈§§
#⌠⌠#_.∩...'.(._#≈§§§c#
####_..__##_§#'##+####
#_____###+#.#
#########@###


+$($+ #$.$# ##.## #+# There were no monsters in sight!

Vanquished Creatures
  2 kobold demonologists (D)
  A slime creature (D)
  Sigmund (D)
  A yak (D)
  A floating eye (D)
  An ogre (D)
  A jelly (D)
  Ijyb (D)
9 creatures vanquished.

Vanquished Creatures (others)
  2 hornets (D)
2 creatures vanquished.

Grand Total: 11 creatures vanquished

Notes
Turn   | Place    | Note
-------+----------+-------------------------------------------
     0 | D        | Lilu the Minotaur Abyssal Knight began the quest for the Orb.
     0 | D        | Reached XP level 1. HP: 19/19 MP: 1/1
     1 | D        | Noticed Ijyb
     9 | D        | Killed Ijyb
     9 | D        | Reached XP level 2. HP: 35/35 MP: 2/2
    15 | D        | Noticed an ogre
    21 | D        | Killed an ogre
    21 | D        | Reached ** piety under Lugonu
    21 | D        | Reached XP level 3. HP: 24/47 MP: 3/3
    21 | D        | Reached XP level 4. HP: 29/55 MP: 4/4
   170 | D        | Noticed Sigmund
   186 | D        | Killed Sigmund
   186 | D        | Reached skill level 10 in Long Blades
   186 | D        | Reached XP level 5. HP: 44/61 MP: 5/5
   186 | D        | Reached XP level 6. HP: 49/68 MP: 6/6
   285 | D        | Found a deep blue altar of Sif Muna.
   286 | D        | Found an ornate altar of the Wu Jian Council.
   289 | D        | Found a radiant altar of Vehumet.
   291 | D        | Reached skill level 11 in Long Blades
   298 | D        | Found Waowai's Antique Armour Emporium.
   298 | D        | Found an ancient bone altar of Kikubaaqudgha.
   298 | D        | Found a stormy altar of Qazlal.
   298 | D        | Found a blossoming altar of Fedhas.
   298 | D        | Found a bloodstained altar of Trog.
   298 | D        | Found an iron altar of Okawaru.
   298 | D        | Found a glowing golden altar of the Shining One.
   298 | D        | Found a glowing silver altar of Zin.
   298 | D        | Found a white marble altar of Elyvilon.
   298 | D        | Noticed a yak
   311 | D        | Found a hazy altar of Hepliaklqana.
   311 | D        | Found a hide-covered altar of Uskayaw.
   573 | D        | Found a sacrificial altar of Ru.
   575 | D        | Found a basalt altar of Yredelemnul.
   575 | D        | Found an opulent altar of Gozag.
   575 | D        | Found a snail-covered altar of Cheibriados.
   575 | D        | Found a shadowy altar of Dithmenos.
   599 | D        | Killed a yak
   599 | D        | Reached skill level 13 in Long Blades
   600 | D        | Found a sparkling altar of Nemelex Xobeh.
   781 | D        | Killed a hornet
   924 | D        | Found a viscous altar of Jiyva.
   924 | D        | Found a corrupted altar of Lugonu.
   924 | D        | Noticed a slime creature
   925 | D        | Found a burning altar of Makhleb.
   925 | D        | Found a shimmering altar of Xom.
   936 | D        | Killed a slime creature
   936 | D        | Reached skill level 14 in Long Blades
   936 | D        | Reached XP level 7. HP: 35/74 MP: 7/7
  1102 | D        | Noticed a kobold demonologist
  1103 | D        | Noticed a kobold demonologist
  1107 | D        | Reached *** piety under Lugonu
  1107 | D        | Reached skill level 5 in Armour
  1118 | D        | Noticed an orange demon
  1120 | D        | Noticed a ynoxinul
  1121 | D        | Killed a kobold demonologist
  1121 | D        | Reached XP level 8. HP: 71/82 MP: 8/8
  1129 | D        | Noticed a smoke demon
  1132 | D        | Killed a kobold demonologist
  1205 | D        | Noticed a centaur warrior
  1207 | D        | Noticed a centaur warrior
  1217 | D        | Bought a runed leather armour for 110 gold pieces
  1248 | D        | Noticed Sonja
  1259 | D        | Killed a hornet
  1268 | D        | HP: 2/82 [asphyx]
  1269 | D        | Succumbed to Sonja's curare-tipped needle

Skill      XL: |  1  2  3  4  5  6  7  8 |
---------------+-------------------------+-----
Fighting       | 7 11 | 11.4
Long Blades    | 10 14 | 14.7
Armour         | 9 11 | 11.5
Dodging        | |  1.1
Stealth        | |  0.2
Invocations    | |  1.7

Action                   |  1- 3 |  4- 6 |  7- 9 || total
-------------------------+-------+-------+-------++-------
Melee: Falchion          |    13 |    41 |    36 ||    90
       Headbutt          |     1 |    14 |     8 ||    23
  Use: Potion            |       |       |     2 ||     2
  Eat: Ration            |       |       |     1 ||     1
Armor: Leather armour    |     4 |       |     9 ||    13
Dodge: Dodged            |     6 |    17 |    11 ||    34
       Rpst.: Falchion   |     2 |     4 |     1 ||     7
